 Dungeon Crawl Stone Soup version 0.18.1-48-g4cf74bf (webtiles) character file.

3232 MovingMist the Schismatic (level 9, -1/70 HPs)
             Began as a Demonspawn Abyssal Knight on Aug 16, 2016.
             Was an Elder of Lugonu.
             Killed from afar by an electric eel (8 damage)
             ... with a bolt of electricity
             ... on level 8 of the Dungeon.
             The game lasted 00:24:42 (6221 turns).

MovingMist the Schismatic (DsAK)                    Turns: 6221, Time: 00:24:44

Health: -1/70      AC: 13    Str: 16    XL:     9   Next: 66%
Magic:  0/15       EV: 11    Int: 14    God:    Lugonu [****..]
Gold:   482        SH:  3    Dex: 15    Spells: 0 memorised, 8 levels left

rFire  + . .     SeeInvis .     b - +3 battleaxe (venom)
rCold  . . .     Gourm    .     w - +1 scale mail of Gaenwakk {Str+3} (curse)
rNeg   . . .     Faith    .     (shield currently unavailable)
rPois  .         Spirit   +     D - +0 helmet
rElec  .         Dismiss  .     (no cloak)
rCorr  .         Reflect  .     a - +1 pair of gloves
SustAt .         Harm     .     (no boots)
MR     ++...     Rnd*Rage +     (no amulet)
Stlth  ..........               y - ring of protection from magic
                                t - ring of wizardry

@: very resistant to hostile enchantments, extremely unstealthy
A: large bone plates 2, berserk 1, fire resistance 1, magic resistance 1, robust
1, magic shield, flame cloud immunity, subdued magic 1
a: Depart the Abyss, Bend Space, Banish, Corrupt, Renounce Religion


You were on level 8 of the Dungeon.
You worshipped Lugonu.
Lugonu was greatly pleased with you.
You were not hungry.

You visited 1 branch of the dungeon, and saw 8 of its levels.
You visited the Abyss 1 time.

You collected 482 gold pieces.

Inventory:

Hand Weapons
 b - a +3 battleaxe of venom (weapon)
 c - the +5 longbow "Serghut" {freeze, *Confuse rElec rPois Stlth+, unknown}
   (You acquired it on level 5 of the Dungeon)

   It causes projectiles fired from it to freeze those they strike, causing
   extra injury to most foes and up to half again as much damage against
   particularly susceptible opponents.
   They can also slow down cold-blooded creatures.
   It insulates you from electricity.
   It protects you from poison.
   It may confuse you when you take damage.
   It makes you more stealthy.
Armour
 a - a +1 pair of gloves (worn)
 j - a +1 large shield
 w - the cursed +1 scale mail of Gaenwakk (worn) {Str+3}
   (You found it on level 5 of the Dungeon)

   It affects your strength (+3).
   It has a curse placed upon it.
 D - a +0 helmet (worn)
Jewellery
 h - an uncursed ring of positive energy {unknown}
 t - a ring of wizardry (left hand)
 y - a ring of protection from magic (right hand)
Wands
 i - a wand of slowing (13/48)
 B - a wand of flame (26/48)
 C - a wand of flame (13/48)
Scrolls
 q - 5 scrolls of remove curse
 x - a scroll of amnesia
 E - a scroll of identify
 G - a scroll of teleportation
Potions
 d - 2 potions of invisibility
 e - a potion of heal wounds
 g - a potion of cancellation {unknown}
 k - a potion of brilliance {unknown}
 m - a potion of cure mutation {unknown}
 n - a potion of flight {unknown}
 o - 4 potions of curing {unknown}
 p - a potion of resistance {unknown}
 u - 2 potions of agility {unknown}
 v - 2 potions of might {unknown}
 A - 2 potions of degeneration {unknown}
 F - a potion of beneficial mutation {unknown}
Comestibles
 f - 9 meat rations
 l - 2 royal jellies
 r - a slice of pizza
 s - 10 fruits
 z - 7 bread rations
 H - 8 chunks of flesh


   Skills:
 - Level 3.6 Fighting
   Level 4.2 Short Blades
 + Level 5.6 Axes
 - Level 2.1 Armour
 + Level 4.1 Dodging
 + Level 6.8 Shields
 - Level 9.0 Invocations


You had 8 spell levels left.
You didn't know any spells.

Dungeon Overview and Level Annotations

Branches:
Dungeon (8/15)             Temple (0/1) D:6
   Lair: D:8-11

Altars:
Ashenzari
Dithmenos
Gozag
Kikubaaqudgha
Nemelex Xobeh
Pakellas
Ru
Vehumet
Xom
Yredelemnul
The Shining One


Innate Abilities, Weirdness & Mutations

You are mostly covered in large bone plates (AC +3, SH +3).
Your flesh is heat resistant.
When hurt, damage is shared between your health and your magic reserves.
You are immune to clouds of flame.
You tend to lose your temper in combat.
You are resistant to hostile enchantments.
You are robust (+10% HP).
Your spells are a little easier to cast, but a little less powerful.


Message History

The bolt of electricity hits you!
The electric eel shoots out a bolt of lightning at you!
The bolt of electricity misses you.
The electric eel shoots out a bolt of lightning at you!
The bolt of electricity hits you!
* * * LOW HITPOINT WARNING * * *
You barely miss the electric eel.
The electric eel is severely wounded.
The electric eel shoots out a bolt of lightning at you!
The bolt of electricity hits you!
* * * LOW HITPOINT WARNING * * *
A bat and an electric eel come into view.
The electric eel shoots out a bolt of lightning at you!
The bolt of electricity hits you!
* * * LOW HITPOINT WARNING * * *
The electric eel shoots out a bolt of lightning at you!
The bolt of electricity hits you!
* * * LOW HITPOINT WARNING * * *
The bolt of electricity hits you!
You die...

......# ......# ≈. ⌠.
.....(###≈.# #.#. ........#
#.. ..#... .....<..# #.# # #
#.#.#.#; ......####
#...#.⌠.#...#≈≈ .........##
#$#.#.#.#.#≈≈#
..........##≈≈#...#...#≈≈####
...........##≈≈#@#.#.#≈≈##..##
............##≈≈#...#≈≈##....#
.............##;;...;≈##.....#
..........##.####'''###......#
....#........##.#............#
....#.#...#.)÷)<.....b.......#
............##..)........÷..##
.............))..........#
..#........##...#######.#


You could see 2 electric eels and a bat.

Vanquished Creatures
  Sigmund (D:3)
  A spriggan (D:7)
  Eustachio (D:4)
  A steam dragon (D:8)
  A black bear (D:6)
  A sky beast (D:7)
  2 orc warriors (D:7)
  An ice beast (D:7)
  A necrophage (D:6)
  2 ogres
  A gnoll sergeant (D:8)
  3 giant frogs
  2 scorpions
  4 howler monkeys (D:7)
  3 crimson imps
  3 jellies
  2 orc priests
  A hound (D:6)
  9 orc wizards
  2 iguanas
  Terence (D:3)
  Natasha (thrice) (D:3)
  3 worker ants
  A killer bee zombie (D:5)
  Robin (D:3)
  4 gnolls (D:8)
  5 adders
  2 oozes
  2 adder zombies
  3 worms
  3 dart slugs (D:1)
  23 orcs
  13 bats
  5 giant cockroaches
  17 goblins
  4 hobgoblins (D:3)
  8 jackals
  5 quokkas
  3 ball pythons
  5 giant newts
  10 kobolds
  7 rats
170 creatures vanquished.

Vanquished Creatures (others)
  The ghost of Ferkelamun the Cleaver, a novice FoFi of Gozag (D:6)
  2 ogres
  An orc warrior (D:3)
  A quasit (D:7)
  An iguana (D:6)
  An orc (D:4)
  2 jackals (D:6)
9 creatures vanquished.

Grand Total: 179 creatures vanquished

Notes
Turn   | Place    | Note
--------------------------------------------------------------
     0 | Abyss:1  | MovingMist the Demonspawn Abyssal Knight began the quest for the Orb.
     0 | Abyss:1  | Reached XP level 1. HP: 18/18 MP: 2/2
     5 | D:1      | Escaped the Abyss
    69 | D:1      | Gained mutation: When hurt, damage is shared between your health and your magic reserves. [demonic ancestry]
    69 | D:1      | Reached XP level 2. HP: 13/24 MP: 4/4
   337 | D:1      | Reached skill level 3 in Invocations
   384 | D:1      | Reached ** piety under Lugonu
   532 | D:1      | Gained mutation: You are partially covered in large bone plates (AC +2, SH +2). [demonic ancestry]
   532 | D:1      | Reached XP level 3. HP: 26/29 MP: 3/5
   989 | D:2      | Found an opulent altar of Gozag.
  1061 | D:2      | Found a glowing golden altar of the Shining One.
  1620 | D:3      | Noticed Sigmund
  1621 | D:3      | Noticed Robin
  1645 | D:3      | Killed Sigmund
  1645 | D:3      | Reached skill level 4 in Invocations
  1645 | D:3      | Gained mutation: Your flesh is heat resistant. [demonic ancestry]
  1645 | D:3      | Reached XP level 4. HP: 36/36 MP: 5/7
  1645 | D:3      | Reached XP level 5. HP: 41/41 MP: 5/8
  1669 | D:3      | Reached *** piety under Lugonu
  1689 | D:3      | Killed Robin
  1689 | D:3      | Reached skill level 5 in Invocations
  1760 | D:3      | Gained mutation: You are mostly covered in large bone plates (AC +3, SH +3). [demonic ancestry]
  1760 | D:3      | Reached XP level 6. HP: 40/47 MP: 9/9
  2020 | D:3      | Noticed Natasha
  2029 | D:3      | Killed Natasha
  2040 | D:3      | Noticed Natasha
  2050 | D:3      | Killed Natasha
  2327 | D:3      | Noticed Natasha
  2336 | D:3      | Killed Natasha
  2443 | D:3      | Noticed an orc warrior
  2457 | D:3      | Banished an orc warrior
  2457 | D:3      | Reached skill level 6 in Invocations
  2457 | D:3      | Reached XP level 7. HP: 16/52 MP: 4/11
  2741 | D:3      | Noticed Terence
  2754 | D:3      | Killed Terence
  3131 | D:4      | Found an ancient bone altar of Kikubaaqudgha.
  3176 | D:4      | Found a sacrificial altar of Ru.
  3444 | D:4      | Noticed Eustachio
  3469 | D:4      | Killed Eustachio
  3469 | D:4      | Reached skill level 7 in Invocations
  3472 | D:4      | Found a shimmering altar of Xom.
  3749 | D:5      | Entered Level 5 of the Dungeon
  3756 | D:5      | Reached XP level 8. HP: 48/59 MP: 9/13
  3931 | D:5      | Found a shadowy altar of Dithmenos.
  4039 | D:5      | Got an ancient scale mail
  4040 | D:5      | Identified a scroll of acquirement
  4043 | D:5      | Got an encrusted longbow
  4056 | D:5      | Identified the cursed +1 scale mail of Gaenwakk {Str+3} (You found it on level 5 of the Dungeon)
  4384 | D:6      | Found a staircase to the Ecumenical Temple.
  4604 | D:6      | Found a radiant altar of Vehumet.
  4686 | D:6      | Found a sparkling altar of Nemelex Xobeh.
  4693 | D:6      | Reached skill level 8 in Invocations
  4744 | D:6      | Found a shattered altar of Ashenzari.
  4783 | D:6      | Reached **** piety under Lugonu
  4893 | D:6      | Found an oddly glowing altar of Pakellas.
  4893 | D:6      | Noticed an orange crystal statue
  5002 | D:6      | Noticed Ferkelamun's ghost (novice FoFi)
  5031 | D:6      | Banished Ferkelamun's ghost
  5031 | D:6      | Reached skill level 5 in Shields
  5293 | D:7      | Reached skill level 9 in Invocations
  5365 | D:7      | Reached skill level 1 in Dodging
  5435 | D:7      | Gained mutation: You are immune to clouds of flame. [demonic ancestry]
  5435 | D:7      | Reached XP level 9. HP: 53/64 MP: 11/15
  5476 | D:7      | Found a shattered altar of Ashenzari.
  5479 | D:7      | Gained mutation: Your spells are a little easier to cast, but a little less powerful. [mutagenic meat]
  5480 | D:7      | Gained mutation: You are resistant to hostile enchantments. [mutagenic meat]
  5481 | D:7      | Gained mutation: You are robust (+10% HP). [mutagenic meat]
  5482 | D:7      | Gained mutation: You tend to lose your temper in combat. [mutagenic meat]
  5554 | D:7      | Reached skill level 5 in Axes
  5964 | D:7      | Found a basalt altar of Yredelemnul.
  6221 | D:8      | Killed from afar by an electric eel

Skill      XL: |  1  2  3  4  5  6  7  8  9 |
---------------+----------------------------+-----
Axes           | 2 4 5 |  5.6
Armour         | 2 |  2.1
Invocations    | 3 4 5 6 7 9 |  9.0
Short Blades   | 2 3 4 |  4.2
Shields        | 2 3 4 5 6 |  6.8
Dodging        | 1 4 |  4.1
Fighting       | |  3.6

Action                   |  1- 3 |  4- 6 |  7- 9 || total
-------------------------+-------+-------+-------++-------
Melee: Hand axe          |    51 |       |       ||    51
       Short sword       |    65 |   135 |   122 ||   322
       Battleaxe         |       |       |   212 ||   212
Invok: Banish            |       |     1 |     6 ||     7
  Use: Scroll            |     6 |     1 |     7 ||    14
 Stab: Sleeping          |     2 |       |       ||     2
  Eat: Chunk             |     2 |     4 |    14 ||    20
       Bread ration      |       |       |     1 ||     1
Armor: Leather armour    |    31 |    36 |       ||    67
       Scale mail        |       |       |   180 ||   180
Dodge: Dodged            |    37 |    23 |   149 ||   209
Block: Large shield      |    28 |   101 |    81 ||   210
       Other             |     1 |       |    43 ||    44
